 Dungeon Crawl Stone Soup version 0.19.0 (webtiles) character file.

1754 TheGoonsmith the Reanimator (level 8, 0/72 HPs)
             Began as a Deep Dwarf Necromancer on Nov 13, 2016.
             Was an Initiate of Makhleb.
             Slain by PrincessPwny's ghost (19 damage)
             ... on level 5 of the Dungeon.
             The game lasted 00:12:31 (6045 turns).

TheGoonsmith the Reanimator (DDNe)                  Turns: 6045, Time: 00:12:31

Health: 0/72       AC:  7    Str: 13    XL:     8   Next: 78%
Magic:  7/14       EV: 16    Int: 17    God:    Makhleb [......]
Gold:   294        SH:  0    Dex: 18    Spells: 4 memorised, 3 levels left

rFire  . . .     SeeInvis .     r - +3 mace (holy)
rCold  + . .     Gourm    .     w - +1 ring mail {rC+}
rNeg   . . .     Faith    .     (no shield)
rPois  .         Spirit   .     (no helmet)
rElec  .         Reflect  .     (no cloak)
rCorr  .         Harm     .     q - +0 pair of gloves
MR     +....                    (no boots)
Stlth  +++.......               (no amulet)
                                (no ring)
                                (no ring)

@: agile, lethally poisoned (0 -> 0), non-regenerating
A: damage resistance, recharge devices, sense surroundings 1, slow regeneration
3
a: Device Recharging, Renounce Religion


You were on level 5 of the Dungeon.
You worshipped Makhleb.
Makhleb was noncommittal.
You were not hungry.

You visited 2 branches of the dungeon, and saw 8 of its levels.

You collected 294 gold pieces.

Inventory:

Hand Weapons
 i - a +0 short sword
 r - a +3 mace of holy wrath (weapon)
Armour
 a - a +0 robe
 q - a +0 pair of gloves (worn)
 w - a +1 ring mail of cold resistance (worn)
Jewellery
 t - an uncursed amulet of rage {unknown}
Wands
 e - a wand of heal wounds (6/9)
 h - a wand of digging (16/24)
 o - a wand of digging (10/24)
Scrolls
 j - a scroll of identify
Potions
 c - a potion of curing
 k - a potion of brilliance
 l - a potion of might {unknown}
 p - a potion of magic {unknown}
 u - a potion of mutation {unknown}
Books
 b - a book of Necromancy

   Spells                             Type                      Level
   a - Pain                           Necromancy                   1
   b - Animate Skeleton               Necromancy                   1
   c - Vampiric Draining              Necromancy                   3
   d - Regeneration                   Charms/Necromancy            3
   e - Animate Dead                   Necromancy                   4
   f - Control Undead                 Necromancy                   4
Comestibles
 d - a bread ration
 f - a slice of pizza
 m - 2 meat rations
 n - 6 fruits
 v - 4 chunks of flesh


   Skills:
 + Level 4.1 Fighting
 - Level 2.1 Dodging
 - Level 2.4 Stealth
 - Level 4.0 Spellcasting
 - Level 10.9 Necromancy


You had 3 spell levels left.
You knew the following spells:

 Your Spells              Type           Power        Failure   Level  Hunger
a - Pain                  Necr           ####         1%          1    None
b - Control Undead        Necr           #####.....   4%          4    ####...
c - Animate Dead          Necr           N/A          4%          4    ####...
s - Vampiric Draining     Necr           #####.....   1%          3    ###....


Dungeon Overview and Level Annotations

Branches:
Dungeon (7/15)             Temple (1/1) D:7

Altars:
Ashenzari
Dithmenos
Elyvilon
Fedhas
Hepliaklqana
Makhleb
Nemelex Xobeh
Okawaru
Sif Muna
Uskayaw
Vehumet
Zin
The Shining One

Annotations:
D:5 PrincessPwny's ghost, novice TrBe


Innate Abilities, Weirdness & Mutations

You are resistant to damage.
You can recharge devices by infusing magical energy.
You passively map a small area around you.
You do not regenerate.


Message History

Okay, then.
Okay, then.
You feel agile all of a sudden. PrincessPwny's ghost hits you!
You hit PrincessPwny's ghost.
PrincessPwny's ghost convulses.
PrincessPwny's ghost is lightly damaged.
PrincessPwny's ghost completely misses you.
You hit PrincessPwny's ghost.
PrincessPwny's ghost convulses.
PrincessPwny's ghost is moderately damaged.
PrincessPwny's ghost hits you.
PrincessPwny's ghost ripples.
PrincessPwny's ghost hits you!
You hit PrincessPwny's ghost.
PrincessPwny's ghost convulses!
PrincessPwny's ghost is heavily damaged.
PrincessPwny's ghost hits you!!
* * * LOW HITPOINT WARNING * * *
You sock PrincessPwny's ghost!
PrincessPwny's ghost convulses!
PrincessPwny's ghost is severely damaged.
PrincessPwny's ghost hits you!!
You die...

#......#......#.......,
#......#......#.......,
#......#....>.'.......,
#......#......##......*
#......#......##......#
#......'..............#
#......#..............#
#......#..............#
#....W@#............,.#
#......#......##....,,#
#......#......#*....,,*
#......#........,...,,,
#......#.........,,,,,,
#......#.....)...,,,,,,
#.....##......##.,,,,,,
#.....#*,,,,,,**,,,,,,,
#.....#,,,,,,,**,,,****


You could see PrincessPwny's ghost.

Vanquished Creatures
  The ghost of yaymichael the Chiller, a novice MfIE of Ashenzari (D:4)
  Sigmund (D:3)
  Menkaure (D:5)
  An ice beast (D:6)
  A phantom (D:6)
  3 ogres (D:6)
  A bullfrog (D:7)
  A scorpion (D:4)
  2 jellies
  2 orc priests (D:4)
  Terence (D:2)
  4 orc wizards
  2 worker ants
  A hound zombie (D:6)
  A hound skeleton (D:6)
  2 howler monkey skeletons
  4 gnolls
  5 adders
  A shadow imp (D:6)
  An ooze (D:1)
  2 adder skeletons
  4 worms
  3 leopard geckos
  17 orcs
  4 bats
  3 giant cockroaches
  8 goblins
  4 hobgoblins
  4 jackals
  9 kobolds
  3 frilled lizards
  3 rats (D:3)
100 creatures vanquished.

Vanquished Creatures (collateral kills)
  An adder (D:5)
1 creature vanquished.

Grand Total: 101 creatures vanquished

Notes
Turn   | Place    | Note
-------+----------+-------------------------------------------
     0 | D:1      | TheGoonsmith the Deep Dwarf Necromancer began the quest for the Orb.
     0 | D:1      | Reached XP level 1. HP: 15/15 MP: 3/3
   164 | D:1      | Reached XP level 2. HP: 19/22 MP: 0/5
  1088 | D:2      | Noticed Terence
  1354 | D:2      | Killed Terence
  1354 | D:2      | Reached skill level 5 in Necromancy
  1354 | D:2      | Reached XP level 3. HP: 17/28 MP: 0/6
  1604 | D:2      | Learned a level 3 spell: Vampiric Draining
  1674 | D:2      | HP: 1/28 [worm (9)]
  1983 | D:3      | Reached XP level 4. HP: 29/36 MP: 5/7
  2047 | D:3      | Learned a level 4 spell: Control Undead
  2317 | D:3      | Reached skill level 6 in Necromancy
  2760 | D:2      | Reached XP level 5. HP: 15/42 MP: 2/9
  3189 | D:3      | Noticed Sigmund
  3209 | D:3      | HP: 2/42 [something (7)]
  3216 | D:3      | Killed Sigmund
  3216 | D:3      | Reached skill level 7 in Necromancy
  3216 | D:3      | Reached XP level 6. HP: 29/49 MP: 9/11
  3414 | D:3      | Found a deep blue altar of Sif Muna.
  3605 | D:4      | Noticed yaymichael's ghost (novice MfIE)
  3795 | D:4      | Killed yaymichael's ghost
  3795 | D:4      | Reached skill level 9 in Necromancy
  3795 | D:4      | Reached XP level 7. HP: 7/55 MP: 13/13
  4629 | D:5      | Entered Level 5 of the Dungeon
  4663 | D:5      | Noticed PrincessPwny's ghost (novice TrBe)
  4888 | D:5      | Reached skill level 10 in Necromancy
  4888 | D:5      | Reached XP level 8. HP: 51/62 MP: 6/14
  4910 | D:5      | Noticed Menkaure
  4919 | D:5      | Killed Menkaure
  5036 | D:6      | Found a white marble altar of Elyvilon.
  5245 | D:6      | Reached skill level 1 in Fighting
  5444 | D:6      | Found a shattered altar of Ashenzari.
  5819 | D:7      | Found a staircase to the Ecumenical Temple.
  5842 | Temple   | Entered the Ecumenical Temple
  5862 | Temple   | Became a worshipper of Makhleb the Destroyer
  5995 | D:5      | Learned a level 4 spell: Animate Dead
  6045 | D:5      | Slain by PrincessPwny's ghost

Skill      XL: |  1  2  3  4  5  6  7  8 |
---------------+-------------------------+-----
Spellcasting   | 2 3 4 |  4.0
Necromancy     | 5 6 7 9 10 | 10.9
Fighting       | 4 |  4.1
Dodging        | |  2.1
Stealth        | |  2.4

Action                   |  1- 3 |  4- 6 |  7- 9 || total
-------------------------+-------+-------+-------++-------
Melee: Short sword       |    14 |    11 |       ||    25
       Mace              |       |    35 |    88 ||   123
Throw: Throwing net      |       |     1 |       ||     1
 Cast: Pain              |    48 |    44 |    15 ||   107
       Vampiric Draining |       |    20 |    43 ||    63
       Control Undead    |       |       |     1 ||     1
Evoke: Wand              |     1 |     2 |     6 ||     9
  Use: Scroll            |       |     7 |     6 ||    13
       Potion            |       |     4 |     2 ||     6
 Stab: Sleeping          |       |       |     1 ||     1
  Eat: Chunk             |     4 |     7 |     5 ||    16
       Royal jelly       |       |       |     1 ||     1
       Bread ration      |       |       |     1 ||     1
Armor: Robe              |     6 |     3 |    24 ||    33
       Ring mail         |       |       |     1 ||     1
Dodge: Dodged            |     6 |    31 |    60 ||    97
